NCAA
KANSAS JAYHAWKS @ OREGON DUCKS
05/21/2023
 
TOP OF THE 1ST
Kansas Jayhawks batting - Pitching for Oregon Ducks : RHP Alejandro Longoria
Pitching: RHP Alejandro Longoria
Batting: SHB Rudy Ryan 0-0: Called Strike
0-1: Swinging Strike
0-2: Ball
1-2: Foul Ball, location: 2F
1-2: Strikes out swinging
Batting: RHB Domingo Hernández 0-0: Called Strike
0-1: Foul Ball, location: 2F
0-2: Strikes out looking
Batting: LHB Juan Mendoza 0-0: Fly out, F8 (Flyball, 8RXD)
Top of the 1st over - 0 run(s), 0 hit(s), 0 error(s), 0 left on base; Kansas 0 - Oregon 0
BOTTOM OF THE 1ST
Oregon Ducks batting - Pitching for Kansas Jayhawks : LHP Dan O'Brien
Pitching: LHP Dan O'Brien
Batting: RHB Tony Cabrera 0-0: Foul Ball, location: 2F
0-1: Ball
1-1: Foul Ball, location: 2F
1-2: Strikes out looking
Batting: LHB José Hernández 0-0: Called Strike
0-1: Called Strike
0-2: Ball
1-2: Foul Ball, location: 2F
1-2: Ball
2-2: SOLO HOME RUN (Flyball, 9D), Distance : 352 ft
Batting: LHB Jason Roberts 0-0: Ball
1-0: Ball
2-0: Foul Ball, location: 2F
2-1: Swinging Strike
2-2: SINGLE (Groundball, 4M)
Batting: LHB Jorge Rivera 0-0: Ball
1-0: Called Strike
1-1: Ball
2-1: Ball
3-1: Foul Ball, location: 2F
3-2: Ground out 5-3 (Groundball, 5)
Jason Roberts to second
Batting: RHB Ricardo Salazar 0-0: Fly out, F8 (Line Drive, 8LM)
Bottom of the 1st over - 1 run(s), 2 hit(s), 0 error(s), 1 left on base; Kansas 0 - Oregon 1
TOP OF THE 2ND
Kansas Jayhawks batting - Pitching for Oregon Ducks : RHP Alejandro Longoria
Batting: LHB Greg Nelson 0-0: Ball
1-0: Foul Ball, location: 2F
1-1: Ball
2-1: Ball
3-1: Swinging Strike
3-2: Ground out 4-3 (Groundball, 34)
Batting: LHB Robert Moore 0-0: Ball
1-0: Swinging Strike
1-1: Swinging Strike
1-2: Foul Ball, location: 2F
1-2: Ball
2-2: DOUBLE (Line Drive, 9LD)
Batting: RHB Ken Longoria 0-0: Foul Ball, location: 2F
0-1: Swinging Strike
0-2: Ball
1-2: Strikes out looking
Batting: RHB Richie Miller 0-0: Ball
1-0: Ball
2-0: Ball
3-0: Called Strike
3-1: Base on Balls
Batting: LHB John Christopher 0-0: Foul Ball, location: 2F
0-1: Fly out, F9 (Flyball, 89S)
Top of the 2nd over - 0 run(s), 1 hit(s), 0 error(s), 2 left on base; Kansas 0 - Oregon 1
BOTTOM OF THE 2ND
Oregon Ducks batting - Pitching for Kansas Jayhawks : LHP Dan O'Brien
Batting: LHB José Román 0-0: Ball
1-0: Fly out, F6 (Popup, 6MD)
Batting: RHB Keith McClellan 0-0: Called Strike
0-1: Ball
1-1: Ball
2-1: Ground out 4-3 (Groundball, 4)
Batting: LHB Chris Hyde 0-0: Called Strike
0-1: Swinging Strike
0-2: Ball
1-2: Strikes out swinging
Bottom of the 2nd over - 0 run(s), 0 hit(s), 0 error(s), 0 left on base; Kansas 0 - Oregon 1
TOP OF THE 3RD
Kansas Jayhawks batting - Pitching for Oregon Ducks : RHP Alejandro Longoria
Batting: LHB Milo Powers 0-0: Ground out 3-1 (Groundball, 34S)
Batting: SHB Rudy Ryan 0-0: Called Strike
0-1: Called Strike
0-2: Ball
1-2: Ball
2-2: Ball
3-2: Foul Ball, location: 2F
3-2: Base on Balls
Batting: RHB Domingo Hernández 0-0: Ball
Throwing error on steal attempt, E2
Rudy Ryan to third
1-0: Called Strike
1-1: Foul Ball, location: 2F
1-2: DOUBLE (Flyball, 8RXD)
Rudy Ryan scores
Batting: LHB Juan Mendoza 0-0: Called Strike
0-1: Ball
1-1: Swinging Strike
1-2: Ball
2-2: Ball
3-2: Base on Balls
Batting: LHB Greg Nelson 0-0: Ball
1-0: Called Strike
1-1: Ball
2-1: Swinging Strike
2-2: Ball
3-2: Fly out, F7 (Popup, 56D)
Batting: LHB Robert Moore 0-0: Ball
1-0: Ball
2-0: DOUBLE (Line Drive, 3L)
Domingo Hernández scores
Juan Mendoza to third
Batting: RHB Ken Longoria 0-0: Ball
1-0: Foul Ball, location: 2F
1-1: Called Strike
1-2: SINGLE (Line Drive, 4D)
Juan Mendoza scores
Robert Moore to third
Runner from 3rd tries for Home, SAFE, no throw or cutoff
Batting: RHB Richie Miller 0-0: Foul Ball, location: 2F
0-1: Ball
1-1: Fly out, F4 (Popup, 34)
Top of the 3rd over - 4 run(s), 3 hit(s), 1 error(s), 1 left on base; Kansas 4 - Oregon 1
BOTTOM OF THE 3RD
Oregon Ducks batting - Pitching for Kansas Jayhawks : LHP Dan O'Brien
Batting: RHB Bob Levinson 0-0: Ball
1-0: SINGLE (Flyball, 4MD)
Batting: RHB Tony Cabrera 0-0: Called Strike
0-1: Swinging Strike
0-2: SINGLE (Groundball, 4D)
Bob Levinson to second
Runner from 2nd tries for 3rd, SAFE, throw made to third
Batting: LHB José Hernández 0-0: Called Strike
0-1: Ball
1-1: Foul Ball, location: 2F
1-2: Ball
2-2: 3-RUN HOME RUN (Flyball, 89XD), Distance : 379 ft
Batting: LHB Jason Roberts 0-0: Called Strike
0-1: Foul Ball, location: 2F
0-2: Ball
1-2: Ground out 1-3 (Groundball, 15)
Batting: LHB Jorge Rivera 0-0: Foul Ball, location: 2F
0-1: Ball
1-1: Foul Ball, location: 2F
1-2: Fly out, F6 (Popup, 6M)
Batting: RHB Ricardo Salazar 0-0: Ball
1-0: Swinging Strike
1-1: Ball
2-1: Ball
3-1: Base on Balls
Batting: LHB José Román 0-0: Ball
1-0: Called Strike
Ricardo Salazar steals 2nd base
1-1: SINGLE (Groundball, 6MD)
Ricardo Salazar to third
Runner from 3rd tries for Home, SAFE, no throw or cutoff
Batting: RHB Keith McClellan 0-0: Ball
1-0: Fly out, F7 (Flyball, 7M)
Bottom of the 3rd over - 4 run(s), 4 hit(s), 0 error(s), 1 left on base; Kansas 4 - Oregon 5
TOP OF THE 4TH
Kansas Jayhawks batting - Pitching for Oregon Ducks : RHP Alejandro Longoria
Batting: LHB John Christopher 0-0: SINGLE (Line Drive, 4MD)
Batting: LHB Milo Powers 0-0: Swinging Strike
0-1: Foul Ball, location: 2F
0-2: Ball
1-2: Foul Ball, location: 2F
1-2: Ball
2-2: Strikes out swinging
Batting: SHB Rudy Ryan 0-0: Called Strike
0-1: Ball
1-1: Ball
2-1: Fly out, F5 (Popup, 5D)
Batting: RHB Domingo Hernández 0-0: Called Strike
0-1: Foul Ball, location: 2F
0-2: Strikes out looking
Top of the 4th over - 0 run(s), 1 hit(s), 0 error(s), 1 left on base; Kansas 4 - Oregon 5
BOTTOM OF THE 4TH
Oregon Ducks batting - Pitching for Kansas Jayhawks : LHP Dan O'Brien
Batting: LHB Chris Hyde 0-0: Called Strike
0-1: Ball
1-1: Swinging Strike
1-2: Ball
2-2: Strikes out swinging
Batting: RHB Bob Levinson 0-0: Called Strike
0-1: Ball
1-1: Ball
2-1: Foul Ball, location: 2F
2-2: Fly out, F9 (Flyball, 9S)
Batting: RHB Tony Cabrera 0-0: Ball
1-0: Called Strike
1-1: Foul Ball, location: 2F
1-2: Strikes out swinging
Bottom of the 4th over - 0 run(s), 0 hit(s), 0 error(s), 0 left on base; Kansas 4 - Oregon 5
TOP OF THE 5TH
Kansas Jayhawks batting - Pitching for Oregon Ducks : RHP Alejandro Longoria
Pitching: RHP Sean Flynn
Batting: LHB Juan Mendoza 0-0: Foul Ball, location: 2F
0-1: Foul Ball, location: 2F
0-2: Ball
1-2: Ball
2-2: Ball
3-2: Base on Balls
Batting: LHB Greg Nelson 0-0: Ball
1-0: Called Strike
1-1: Ball
2-1: Foul Ball, location: 2F
2-2: Foul Ball, location: 2F
2-2: Ground out 5-3 (Groundball, 5S)
Juan Mendoza to second
Batting: LHB Robert Moore 0-0: Called Strike
0-1: 2-RUN HOME RUN (Flyball, 8RXD), Distance : 387 ft
Batting: RHB Ken Longoria 0-0: Called Strike
0-1: Foul Ball, location: 2F
0-2: Strikes out swinging
Batting: RHB Richie Miller 0-0: Ball
1-0: Ball
2-0: Called Strike
2-1: Fly out, F3 (Line Drive, 3)
Top of the 5th over - 2 run(s), 1 hit(s), 0 error(s), 0 left on base; Kansas 6 - Oregon 5
BOTTOM OF THE 5TH
Oregon Ducks batting - Pitching for Kansas Jayhawks : LHP Dan O'Brien
Batting: LHB José Hernández 0-0: Ball
1-0: Ball
2-0: Ball
3-0: Called Strike
3-1: Base on Balls
Pitching: RHP William Houston
Batting: LHB Jason Roberts 0-0: Called Strike
0-1: Called Strike
0-2: Foul Ball, location: 2F
0-2: Strikes out swinging
Batting: LHB Jorge Rivera 0-0: Foul Ball, location: 2F
0-1: Fly out, F8 (Flyball, 8RXD)
Batting: RHB Ricardo Salazar 0-0: Ball
1-0: Called Strike
1-1: Ground out 5-3 (Groundball, 15S)
Bottom of the 5th over - 0 run(s), 0 hit(s), 0 error(s), 1 left on base; Kansas 6 - Oregon 5
TOP OF THE 6TH
Kansas Jayhawks batting - Pitching for Oregon Ducks : RHP Sean Flynn
Pitching: LHP Paul Davis
Batting: LHB John Christopher 0-0: Ball
1-0: Foul Ball, location: 2F
1-1: Foul Ball, location: 2F
1-2: Foul Ball, location: 2F
1-2: Foul Ball, location: 2F
1-2: Strikes out swinging
Batting: LHB Milo Powers 0-0: Called Strike
0-1: Ball
1-1: DOUBLE (Flyball, 7LS)
Batting: SHB Rudy Ryan 0-0: Ball
1-0: Called Strike
1-1: Called Strike
1-2: Strikes out looking
Batting: RHB Domingo Hernández 0-0: Ball
1-0: Ball
2-0: Ball
3-0: Base on Balls
Batting: LHB Juan Mendoza 0-0: Ball
1-0: Ball
2-0: Ball
3-0: Base on Balls
Milo Powers to third
Domingo Hernández to second
Batting: LHB Greg Nelson 0-0: Ball
1-0: Ball
2-0: Ball
3-0: Base on Balls
Milo Powers scores
Domingo Hernández to third
Juan Mendoza to second
Batting: LHB Robert Moore 0-0: Ball
1-0: Ball
2-0: Ball
3-0: Called Strike
3-1: Base on Balls
Domingo Hernández scores
Juan Mendoza to third
Greg Nelson to second
Pitching: LHP Theodore Plummer
Batting: RHB Ken Longoria 0-0: Ball
1-0: Ball
2-0: Called Strike
2-1: Ball
3-1: Base on Balls
Juan Mendoza scores
Greg Nelson to third
Robert Moore to second
Batting: RHB Richie Miller 0-0: Ball
1-0: Ball
2-0: Called Strike
2-1: Ball
3-1: Foul Ball, location: 2F
3-2: SINGLE (Line Drive, 34D)
Greg Nelson scores
Robert Moore to third
Ken Longoria to second
Robert Moore scores
Ken Longoria to third
Batting: LHB John Christopher 0-0: 3-RUN HOME RUN (Flyball, 89XD), Distance : 390 ft
Pitching: LHP Ronald Brown
Batting: LHB Milo Powers 0-0: Called Strike
0-1: Ground out 4-3 (Groundball, 4)
Top of the 6th over - 8 run(s), 3 hit(s), 0 error(s), 0 left on base; Kansas 14 - Oregon 5
BOTTOM OF THE 6TH
Oregon Ducks batting - Pitching for Kansas Jayhawks : RHP William Houston
Batting: LHB José Román 0-0: Called Strike
0-1: Ball
1-1: Foul Ball, location: 2F
1-2: Ground out U3 (Groundball, 3S)
Batting: RHB Keith McClellan 0-0: Ball
1-0: Called Strike
1-1: Ball
2-1: Ball
3-1: Base on Balls
Batting: LHB Chris Hyde 0-0: Ball
1-0: Fly out, F8 (Flyball, 8RM)
Batting: RHB Bob Levinson 0-0: Ball
1-0: Foul Ball, location: 2F
1-1: Called Strike
1-2: Ball
2-2: SINGLE (Line Drive, 34)
Keith McClellan to second
Batting: RHB Tony Cabrera 0-0: Ball
1-0: Called Strike
1-1: Ball
2-1: Ground out 2-3 (Groundball, 2L)
Bottom of the 6th over - 0 run(s), 1 hit(s), 0 error(s), 2 left on base; Kansas 14 - Oregon 5
TOP OF THE 7TH
Kansas Jayhawks batting - Pitching for Oregon Ducks : LHP Ronald Brown
Batting: SHB Rudy Ryan 0-0: Called Strike
0-1: Swinging Strike
0-2: Strikes out swinging
Batting: RHB Domingo Hernández 0-0: Foul Ball, location: 2F
0-1: Foul Ball, location: 2F
0-2: Foul Ball, location: 2F
0-2: Ball
1-2: Strikes out swinging
Batting: LHB Juan Mendoza 0-0: Swinging Strike
0-1: Foul Ball, location: 2F
0-2: Ball
1-2: Foul Ball, location: 2F
1-2: Strikes out swinging
Top of the 7th over - 0 run(s), 0 hit(s), 0 error(s), 0 left on base; Kansas 14 - Oregon 5
BOTTOM OF THE 7TH
Oregon Ducks batting - Pitching for Kansas Jayhawks : RHP William Houston
Pitching: RHP Kevin Pérez
Batting: LHB José Hernández 0-0: Ball
1-0: Ball
2-0: Called Strike
2-1: Ball
3-1: Base on Balls
Batting: LHB Jason Roberts 0-0: Called Strike
0-1: Ball
1-1: Ball
2-1: Foul Ball, location: 2F
2-2: Ball
3-2: Base on Balls
José Hernández to second
Batting: LHB Jorge Rivera 0-0: Called Strike
0-1: Called Strike
0-2: Ball
1-2: Ball
2-2: Foul Ball, location: 2F
2-2: 3-RUN HOME RUN (Flyball, 78XD), Distance : 391 ft
Batting: RHB Ricardo Salazar 0-0: Called Strike
0-1: Ball
1-1: SINGLE (Groundball, 6MD)
Batting: LHB José Román 0-0: Ball
1-0: Swinging Strike
1-1: Foul Ball, location: 2F
1-2: Foul Ball, location: 2F
1-2: Strikes out swinging
Batting: RHB Keith McClellan 0-0: Grounds into double play, U3-6 (Groundball, 3L)
Bottom of the 7th over - 3 run(s), 2 hit(s), 0 error(s), 0 left on base; Kansas 14 - Oregon 8
TOP OF THE 8TH
Kansas Jayhawks batting - Pitching for Oregon Ducks : LHP Ronald Brown
Batting: LHB Greg Nelson 0-0: Ball
1-0: Ball
2-0: Called Strike
2-1: Foul Ball, location: 2F
2-2: Foul Ball, location: 2F
2-2: Strikes out swinging
Batting: LHB Robert Moore 0-0: Swinging Strike
0-1: Ball
1-1: Ground out 6-3 (Groundball, 6)
Batting: RHB Ken Longoria 0-0: Swinging Strike
0-1: Foul Ball, location: 2F
0-2: Foul Ball, location: 2F
0-2: Ball
1-2: SINGLE (Groundball, 4MD)
Batting: RHB Richie Miller 0-0: Called Strike
0-1: Called Strike
0-2: Ball
1-2: Ball
2-2: Foul Ball, location: 2F
2-2: Foul Ball, location: 2F
2-2: Foul Ball, location: 2F
2-2: Strikes out swinging
Top of the 8th over - 0 run(s), 1 hit(s), 0 error(s), 1 left on base; Kansas 14 - Oregon 8
BOTTOM OF THE 8TH
Oregon Ducks batting - Pitching for Kansas Jayhawks : RHP Kevin Pérez
Batting: LHB Chris Hyde 0-0: Called Strike
0-1: Ball
1-1: Fly out, F8 (Flyball, 8LXD)
Batting: RHB Bob Levinson 0-0: Swinging Strike
0-1: Foul Ball, location: 2F
0-2: Foul Ball, location: 2F
0-2: Foul Ball, location: 2F
0-2: Ground out 5-3 (Groundball, 5)
Batting: RHB Tony Cabrera 0-0: Called Strike
0-1: Foul Ball, location: 2F
0-2: Strikes out swinging
Bottom of the 8th over - 0 run(s), 0 hit(s), 0 error(s), 0 left on base; Kansas 14 - Oregon 8
TOP OF THE 9TH
Kansas Jayhawks batting - Pitching for Oregon Ducks : LHP Ronald Brown
Pitching: RHP Ian Slay
Batting: LHB John Christopher 0-0: SINGLE (Line Drive, 56D)
Batting: LHB Milo Powers 0-0: Ball
1-0: Fly out, F9 (Flyball, 9LM)
Batting: SHB Rudy Ryan 0-0: Ball
1-0: Ball
2-0: Called Strike
2-1: Reached on error, E4 (Groundball, 4)
John Christopher to second
Batting: RHB Domingo Hernández 0-0: Fly out, F4 (Popup, 4D)
Batting: LHB Juan Mendoza 0-0: Foul Ball, location: 2F
0-1: SINGLE (Groundball, 6MS)
John Christopher to third
Rudy Ryan to second
Runner from 3rd tries for Home, SAFE, no throw or cutoff
Batting: LHB Greg Nelson 0-0: Swinging Strike
0-1: Ground out 4-3 (Groundball, 4)
Top of the 9th over - 1 run(s), 2 hit(s), 1 error(s), 2 left on base; Kansas 15 - Oregon 8
BOTTOM OF THE 9TH
Oregon Ducks batting - Pitching for Kansas Jayhawks : RHP Kevin Pérez
Pitching: RHP Gerard Gustafson
Batting: LHB José Hernández 0-0: Ball
1-0: Ball
2-0: Ball
3-0: Base on Balls
Batting: LHB Jason Roberts 0-0: Ball
1-0: Called Strike
1-1: Swinging Strike
1-2: Ball
2-2: Foul Ball, location: 2F
2-2: Foul Ball, location: 2F
2-2: SINGLE (Line Drive, 9S)
José Hernández to second
Batting: LHB Jorge Rivera 0-0: 3-RUN HOME RUN (Line Drive, 9LD), Distance : 321 ft
Pitching: RHP Bill Wallace
Batting: RHB Ricardo Salazar 0-0: Ball
1-0: Swinging Strike
1-1: Foul Ball, location: 2F
1-2: Ball
2-2: Ball
3-2: DOUBLE (Line Drive, 89M)
Batting: LHB José Román 0-0: Foul Ball, location: 2F
0-1: Called Strike
0-2: SINGLE (Groundball, 5D)
Ricardo Salazar to third
Runner from 3rd tries for Home, throw and OUT!
Batting: RHB Keith McClellan 0-0: Ball
1-0: Ball
2-0: Ball
3-0: Base on Balls
José Román to second
Pitching: LHP Jake Long
Batting: LHB Chris Hyde 0-0: Ball
1-0: Called Strike
1-1: SINGLE (Line Drive, 89M)
José Román to third
Keith McClellan to second
Batting: RHB Bob Levinson 0-0: Ball
1-0: Ball
2-0: Foul Ball, location: 2F
2-1: Swinging Strike
2-2: GRAND SLAM HOME RUN (Line Drive, 7D), Distance : 346 ft
Batting: RHB Tony Cabrera 0-0: Called Strike
0-1: Ball
1-1: Fly out, F8 (Flyball, 8LM)
Batting: LHB José Hernández 0-0: Ball
1-0: Ball
2-0: Ball
3-0: Called Strike
3-1: Called Strike
3-2: Foul Ball, location: 2F
3-2: Base on Balls
Batting: LHB Jason Roberts 0-0: Ball
1-0: Swinging Strike
Balk!
José Hernández to second
1-1: SINGLE (Groundball, 4MD)
José Hernández to third
Runner from 3rd tries for Home, SAFE, no throw or cutoff
This league is powered by Out of the Park Baseball, the baseball management simulation game for PC, Mac and Linux
Wednesday, December 2nd, 2015 - OOTP Baseball 16.8 Build 38